 Dungeon Crawl Stone Soup version 0.26.1-2-gb8aa6d0cf2 (webtiles) character file.

Game seed: 15726376930403245302

1458 hawla the Conjurer (level 8, -3/44 HPs)
             Began as a Deep Elf Conjurer on Feb 22, 2021.
             Shot with a sling bullet by Joseph (13 damage)
             ... on level 7 of the Dungeon.
             The game lasted 00:19:13 (8033 turns).

hawla the Conjurer (Deep Elf Conjurer)              Turns: 8033, Time: 00:19:14

Health: -3/44      AC:  3    Str:  4    XL:     8   Next: 47%
Magic:  12/19      EV: 13    Int: 26    God:
Gold:   446        SH:  5    Dex: 13    Spells: 12/19 levels left

rFire    . . .     SeeInvis .   y - +4 whip (freeze)
rCold    . . .     Faith    .   g - +0 buckler
rNeg     . . .     Spirit   .   a - +0 robe
rPois    .         Reflect  .   (no helmet)
rElec    .         Harm     .   D - +0 cloak
rCorr    .         Rampage  .   (no gloves)
Will     .....                  (no boots)
Stlth    ++........             (no amulet)
HPRegen  0.14/turn              e - +4 ring of slaying
MPRegen  0.16/turn              (no ring)

@: very slightly contaminated
A: no striking features
a: no special abilities


You were on level 7 of the Dungeon.
You visited 2 branches of the dungeon, and saw 8 of its levels.
You also visited: Ossuary.

You collected 446 gold pieces.

Inventory:

Hand Weapons
 y - a +4 whip of freezing (weapon)
 C - a +3 quarterstaff of chaos
Missiles
 k - 2 boomerangs
 l - 31 poisoned darts
 w - 10 atropa-tipped darts
Armour
 a - a +0 robe (worn)
 g - a +0 buckler (worn)
 D - a +0 cloak (worn)
Jewellery
 e - a +4 ring of slaying (left hand)
Wands
 A - a wand of flame (31)
Scrolls
 c - 3 scrolls of remove curse
 h - a scroll of amnesia
 t - 2 scrolls of magic mapping
 u - 3 scrolls of teleportation
 v - a scroll of fog
 z - 2 scrolls of enchant armour {unknown}
Potions
 b - 2 potions of flight
 d - 5 potions of cancellation
 f - a potion of invisibility
 i - 2 potions of attraction {unknown}
 j - 2 potions of ambrosia {unknown}
 m - a potion of lignification {unknown}
 n - 2 potions of berserk rage {unknown}
 o - 2 potions of haste {unknown}
 p - 4 potions of heal wounds {unknown}
 q - 2 potions of brilliance {unknown}
 r - a potion of curing
 s - 2 potions of mutation {unknown}
 B - a potion of might


   Skills:
 - Level 2.0 Fighting
 * Level 3.6 Dodging
 - Level 2.5 Stealth
 - Level 4.0 Shields
 - Level 6.0 Spellcasting
 + Level 6.8 Conjurations
 - Level 3.9 Translocations
 + Level 4.3 Fire Magic
 - Level 1.0 Evocations


You had 12 spell levels left.
You knew the following spells:

 Your Spells              Type           Power        Failure   Level
a - Magic Dart            Conj           100%         1%          1
b - Searing Ray           Conj           86%          1%          2
c - Iskenderun's Mystic   Conj/Tloc      35%          8%          4

Your spell library contained the following spells:

 Spells                   Type           Power        Failure   Level
 Dazzling Flash           Conj/Hex       50%          4%          3
 Fulminant Prism          Conj/Hex       12%          17%         4


Dungeon Overview and Level Annotations

Branches:
Dungeon (7/15)             Temple (1/1) D:5         Ossuary (visited)

Altars:
Ashenzari
Cheibriados
Dithmenos
Elyvilon
Fedhas
Gozag
Hepliaklqana
Kikubaaqudgha
Makhleb
Nemelex Xobeh
Okawaru
Qazlal
Ru
Sif Muna
Trog
Uskayaw
Wu Jian
Xom
Yredelemnul
Zin
The Shining One

Shops:
D:4 (

Annotations:
D:7 Joseph


Message History

Aim: a black bear (13% to evade)
The searing ray hits the black bear!
The black bear is moderately wounded. (Press . to maintain the ray.)
The searing ray misses the black bear.
The black bear bites you!
The black bear claws you but does no damage.
The black bear barely misses you.
Casting: Searing Ray (safe; 1% risk of failure)
Confirm with . or Enter, or press ? or * to list all spells.
The spell is quite dangerous to cast (8% risk of failure)!
Continue anyway?
You miscast Iskenderun's Mystic Blast.
You are very lightly contaminated with residual magic.
Nothing appears to happen.
Joseph shoots a sling bullet.
The sling bullet hits you! The sling bullet freezes you.
The black bear bites you. The black bear claws you.
* * * LOW HITPOINT WARNING * * *
The black bear claws you.
* * * LOW HITPOINT WARNING * * *
Joseph shoots a sling bullet.
The sling bullet hits you!
You die...

###
#.######.....
#..†h@...#
#.............
........##.####
.......># #
#..../..#
#........
#.......#
#......@.


You could see Joseph and a black bear.

Vanquished Creatures
  An ice beast (D:5)
  A sky beast (D:6)
  An ogre (D:4)
  A centaur (D:6)
  A bullfrog (D:5)
  2 water moccasin zombies (Ossuary)
  A scorpion (D:7)
  3 wights (D:5)
  A howler monkey (D:5)
  A bullfrog zombie (D:5)
  2 centaur skeletons
  A hound (D:2)
  A jelly (D:6)
  An orc priest (D:5)
  Crazy Yiuf (D:6)
  3 orc wizards
  An iguana (D:4)
  4 worker ants
  3 big kobold zombies (Ossuary)
  2 mummies (Ossuary)
  9 adders
  2 oozes (D:1)
  An adder skeleton (D:5)
  3 adder zombies (Ossuary)
  2 worms
  3 dart slugs
  5 leopard geckos
  7 orcs
  9 giant cockroaches
  8 hobgoblins
  6 jackals (D:1)
  A ball python (D:4)
  9 bats
  3 frilled lizards
  17 goblins
  6 hobgoblin zombies
  10 kobolds
  6 kobold zombies (Ossuary)
  A leopard gecko zombie (D:6)
  3 orc zombies (Ossuary)
  A quokka skeleton (D:4)
  10 rats
154 creatures vanquished.

Notes
Turn   | Place    | Note
-------+----------+-------------------------------------------
     0 | D:1      | hawla the Deep Elf Conjurer began the quest for the Orb.
     0 | D:1      | Reached XP level 1. HP: 10/10 MP: 6/6
   120 | D:1      | Reached XP level 2. HP: 15/15 MP: 4/8
   123 | D:1      | Learned a level 2 spell: Searing Ray
   323 | D:1      | Reached skill level 1 in Fire Magic
   529 | D:1      | Reached XP level 3. HP: 19/19 MP: 6/10
   979 | D:2      | Reached XP level 4. HP: 24/24 MP: 5/11
   984 | D:2      | Learned a level 4 spell: Iskenderun's Mystic Blast
  1009 | D:2      | Reached skill level 1 in Shields
  1190 | D:2      | Reached skill level 1 in Fighting
  1598 | D:2      | Reached skill level 1 in Translocations
  1835 | D:3      | Reached XP level 5. HP: 29/29 MP: 7/12
  2922 | D:4      | Reached XP level 6. HP: 34/34 MP: 7/13
  3343 | D:4      | Found Mywkopn's Antique Weapon Boutique.
  3864 | D:4      | Found a burning altar of Makhleb.
  3864 | D:4      | Found a glowing silver altar of Zin.
  3865 | D:4      | Noticed an angel
  3865 | D:4      | Noticed an Executioner
  3928 | D:5      | Entered Level 5 of the Dungeon
  3945 | D:5      | Found a sand-covered staircase.
  3959 | Ossuary  | Entered an ossuary
  4006 | Ossuary  | Reached skill level 5 in Conjurations
  4210 | Ossuary  | Reached XP level 7. HP: 40/40 MP: 6/15
  4734 | D:5      | Reached skill level 5 in Spellcasting
  4879 | D:5      | Reached skill level 1 in Evocations
  5154 | D:5      | Found a sparkling altar of Nemelex Xobeh.
  5162 | D:5      | Found a hazy altar of Hepliaklqana.
  5407 | D:5      | Reached XP level 8. HP: 44/44 MP: 14/18
  5539 | D:5      | Found a staircase to the Ecumenical Temple.
  5552 | Temple   | Entered the Ecumenical Temple
  5866 | D:5      | Found a stormy altar of Qazlal.
  7155 | D:6      | Found a runed translucent door.
  7156 | D:6      | Noticed Crazy Yiuf
  7207 | D:6      | Killed Crazy Yiuf
  7312 | D:7      | Noticed Joseph
  8033 | D:7      | Shot with a sling bullet by Joseph

Illustrated notes

Levels and vault maps discovered:
D:1:      heliophobic_arrival_battle_scene, layout_basic
D:2:      cheibrodos_greedy_goblins, layout_rooms
D:3:      layout_loops_cross, minmay_quadrilaterals
D:4:      layout_loops_cross, grunt_temple_overflow_order_and_chaos_2,
          serial_shops, shop_statue
D:5:      layout_loops_ring, nicolae_qazlal_general_emergency,
          chequers_temple_overflow_statue_of_worship,
          minmay_temple_entry_purple_smoke, enter_ossuary_3,
          minmay_splitting_lines
D:6:      layout_layer_cave, uniq_crazy_yiuf_cottage
D:7:      layout_loops_ring, serial_shops, shop_statue,
          gammafunk_ghost_nasty_kobolds, uniq_joseph
Temple:   nicolae_temple_elliptical

Skill      XL: |  1  2  3  4  5  6  7  8 |
---------------+-------------------------+-----
Fire Magic     | 1 2 3 4 |  4.3
Dodging        | 3 |  3.6
Shields        | 1 2 3 4 |  4.0
Fighting       | 1 2 |  2.0
Translocations | 1 2 3 |  3.9
Conjurations   | 5 6 |  6.8
Spellcasting   | 4 5 6 |  6.0
Evocations     | 1 |  1.0
Stealth        | |  2.5

Action                   |  1- 3 |  4- 6 |  7- 9 || total
-------------------------+-------+-------+-------++-------
Melee: Whip              |       |     7 |     3 ||    10
 Cast: Magic Dart        |    42 |    44 |    13 ||    99
       Searing Ray       |    11 |    42 |    33 ||    86
       Iskenderun's Myst |       |     4 |    17 ||    21
  Use: Scroll            |     6 |     4 |     7 ||    17
Armor: Robe              |     1 |     7 |     6 ||    14
Dodge: Dodged            |     2 |    26 |    24 ||    52
Block: Buckler           |       |       |     7 ||     7
